 Dungeon Crawl Stone Soup version 0.30-a0-1160-g6e42c06551 (webtiles) character file.

Game seed: 17554177508747538217

4238 ryw the Basher (level 10, -3/73 HPs)
             Began as a Mummy Fighter on Apr 26, 2023.
             Was an Elder of Okawaru.
             Slain by a troll (5 damage)
             ... on level 8 of the Dungeon.
             The game lasted 00:16:14 (9054 turns).

ryw the Basher (Mummy Fighter)                      Turns: 9054, Time: 00:16:15

Health: -3/73      AC: 16    Str: 24    XL:     10   Next: 9%
Magic:  12/12      EV:  9    Int:  7    God:    Okawaru [****..]
Gold:   498        SH:  4    Dex: 12    Spells: 9/9 levels left

rFire   . . .        a - +0 flail
rCold   + . .        c - +0 buckler
rNeg    + + +        t - +1 scale mail {rF+}
rPois   ∞            (no helmet)
rElec   .            l - +1 cloak
rCorr   .            h - +0 pair of gloves
SInv    +            p - +0 pair of boots
Will    +....        (no amulet) Stlth
                     k - ring of see invisible
HPRegen 0.32/turn    q - +4 ring of protection
MPRegen 0.13/turn

%: faith
@: no status effects
A: cold resistance 1, negative energy resistance 3, torment resistance 2, heat
vulnerability 1, in touch with death 1, no potions, faith
a: Renounce Religion, Heroism, Finesse


You were on level 8 of the Dungeon.
You worshipped Okawaru.
Okawaru was greatly pleased with you.
You visited 2 branches of the dungeon, and saw 10 of its levels.
You also visited: Ossuary.

You collected 498 gold pieces.

Inventory:

Hand Weapons
 a - a +0 flail (weapon)
Missiles
 b - 13 boomerangs
 e - a throwing net
 f - 17 poisoned darts (quivered)
 y - 3 curare-tipped darts
Armour
 c - a +0 buckler (worn)
 h - a +0 pair of gloves (worn)
 l - a +1 cloak (worn)
 p - a +0 pair of boots (worn)
 t - a +1 scale mail of fire resistance (worn)
Jewellery
 k - a ring of see invisible (left hand)
 q - a +4 ring of protection (right hand)
Wands
 s - a wand of paralysis (8)
 v - a wand of roots (8)
Scrolls
 d - 4 scrolls of enchant armour
 g - 3 scrolls of vulnerability
 i - 4 scrolls of poison
 j - 3 scrolls of enchant weapon
 m - a scroll of fog
 n - 2 scrolls of noise
 o - 7 scrolls of identify
 r - a scroll of blinking
 u - 2 scrolls of teleportation
 w - a scroll of silence
 x - a scroll of magic mapping


   Skills:
 + Level 4.5 Fighting
 * Level 11.3 Maces & Flails
 + Level 3.7 Armour
 - Level 2.4 Shields
 + Level 3.1 Invocations


You had 9 spell levels left.
You didn't know any spells.
Your spell library contained the following spells:

 Spells                   Type           Power      Damage    Failure   Level
 Necrotise                Necr           0%         1d4       80%         1
 Sandblast                Erth           0%         2d4       80%         1
 Sting                    Tmut/Pois      0%         1d3       80%         1
 Passwall                 Tmut/Erth      0%         N/A       90%         2
 Poisonous Vapours        Pois/Air       0%         N/A       90%         2
 Scorch                   Fire           0%         2d5       90%         2
 Stone Arrow              Conj/Erth      0%         3d7       99%         3
 Vampiric Draining        Necr           0%         2d6       99%         3
 Flame Wave               Conj/Fire      0%         2d4       100%        4
 Olgreb's Toxic Radiance  Pois           0%         N/A       100%        4
 Agony                    Necr           0%         N/A       100%        5
 Summon Cactus Giant      Summ           Unusable   N/A       N/A         6

Dungeon Overview and Level Annotations

Branches:
Dungeon (9/15)             Temple (1/1) D:5         Ossuary (visited)
   Lair: D:8-11         Orc: D:9-12

Altars:
Ashenzari
Cheibriados
Fedhas
Hepliaklqana
Kikubaaqudgha
Makhleb
Okawaru
Qazlal
Ru
Sif Muna
Trog
Uskayaw
Xom
Yredelemnul

Shops:
D:3 [


Innate Abilities, Weirdness & Mutations

You are immune to poison.
Your flesh is cold resistant. (rC+)
You are immune to negative energy. (rN+++)
You are immune to unholy pain and torment.
You are vulnerable to heat. (rF-)
You are in touch with the powers of death.
You do not drink.
You have a special connection with the divine. (Faith)


Message History

A troll comes into view.
The troll shouts!
You hear a shout! x3
There is a stone staircase leading up here.
An orc priest comes into view. It is wielding a +0 dagger.
The troll barely misses you. The troll claws you! The troll barely misses you.
An orc priest comes into view. It is wielding a +0 club.
The orc priest shouts!
You hit the troll but do no damage.
You hear a shout!
The troll bites you but does no damage. The troll claws you but does no damage.
The troll closely misses you.
The orc priest invokes the aid of Beogh against you.
Beogh smites you!
The orc priest looks braver for a moment.
The orc priest invokes the aid of Beogh against you.
Beogh smites you!
There is a stone staircase leading up here.
The troll bites you! The troll claws you but does no damage.
The troll claws you.
You climb upwards.
There is a stone staircase leading down here.
You are too injured to fight recklessly!
You are too injured to fight recklessly!
You are too injured to fight recklessly!
You are too injured to fight recklessly!
You hit the troll.
The troll is lightly wounded.
The troll bites you. The troll claws you but does no damage.
The troll claws you.
You barely miss the troll.
The troll is lightly wounded.
The troll completely misses you. The troll claws you!
* * * LOW HITPOINT WARNING * * *
You block the troll's attack.
You hit the troll but do no damage.
The troll is lightly wounded.
The troll bites you!
* * * LOW HITPOINT WARNING * * *
The troll claws you.
You die...

###########
#.........#
#.........#
#.........#
#..<......#
#.........# ##
#.........# ###
.### #........@#
#.# ...#
#.......T.# ##.#
##.## ##g........#
##..#
!...###...#.######
#...#
##....#.##..#
#..##
##..#.#.##.## #..#
......#.##.# ##..#
###...#)##.#
###.>.# #
###...##.# #.....#


You could see a troll.

Vanquished Creatures
  A troll (D:8)
  A hornet (D:7)
  Grinder (D:5)
  A wyvern (D:7)
  Eustachio (D:5)
  A water moccasin (D:6)
  An orc warrior (D:8)
  4 ice beasts
  2 ogres
  2 centaurs
  A phantom (D:6)
  A kobold brigand (D:6)
  Blork the orc (D:4)
  3 scorpions
  A gnoll sergeant (D:7)
  4 bullfrogs
  3 water moccasin zombies (Ossuary)
  10 killer bees
  A howler monkey (D:7)
  6 hounds
  An orc priest (D:5)
  A gnoll bouda (D:7)
  2 jellies
  3 sleepcaps
  3 iguanas
  6 orc wizards
  2 mummies (Ossuary)
  6 adders (D:4)
  20 gnolls
  3 white imps
  5 adder zombies (Ossuary)
  2 worms
  5 dart slugs
  32 orcs
  6 endoplasms
  2 giant cockroaches
  10 goblins
  7 hobgoblins
  7 ball pythons
  5 bats
  2 frilled lizards (D:1)
  A gnoll zombie (Ossuary)
  5 hobgoblin zombies (Ossuary)
  9 kobolds
  7 kobold zombies (Ossuary)
  7 orc zombies (Ossuary)
  4 rats
209 creatures vanquished.

Notes
Turn   | Place    | Note
-------+----------+-------------------------------------------
     0 | D:1      | ryw the Mummy Fighter began the quest for the Orb.
     0 | D:1      | Reached XP level 1. HP: 18/18 MP: 1/1
    99 | D:1      | Reached skill level 2 in Maces & Flails
   107 | D:1      | Reached XP level 2. HP: 7/24 MP: 2/2
   616 | D:1      | You fall into a shaft and drop 1 floor!
   867 | D:2      | Gained mutation: You are in touch with the powers of death.
                  | [Mummy growth]
   867 | D:2      | Reached XP level 3. HP: 19/29 MP: 3/3
  1030 | D:1      | Reached skill level 3 in Maces & Flails
  1260 | D:2      | Found a bloodstained altar of Trog.
  1454 | D:3      | Found Hurch's Armour Boutique.
  1573 | D:3      | Reached XP level 4. HP: 22/35 MP: 4/4
  1803 | D:3      | Reached skill level 4 in Maces & Flails
  1859 | D:3      | Reached XP level 5. HP: 29/41 MP: 5/5
  2268 | D:4      | Noticed Blork the orc
  2282 | D:4      | Killed Blork the orc
  2283 | D:4      | Reached skill level 5 in Maces & Flails
  2283 | D:4      | Reached XP level 6. HP: 11/47 MP: 6/6
  3295 | D:5      | Entered Level 5 of the Dungeon
  3447 | D:4      | Reached skill level 6 in Maces & Flails
  3523 | D:5      | Found a staircase to the Ecumenical Temple.
  3575 | D:4      | Reached XP level 7. HP: 49/52 MP: 7/7
  3604 | Temple   | Entered the Ecumenical Temple
  3810 | Temple   | Became a worshipper of Warmaster Okawaru
  4104 | D:5      | Reached skill level 7 in Maces & Flails
  4677 | D:6      | Noticed Grinder
  4737 | D:6      | Reached * piety under Okawaru
  4926 | D:5      | Reached skill level 8 in Maces & Flails
  4926 | D:5      | Reached XP level 8. HP: 24/58 MP: 8/8
  5155 | D:6      | Found a sand-covered staircase.
  5159 | Ossuary  | Entered an ossuary
  5332 | Ossuary  | Reached skill level 1 in Invocations
  5454 | D:6      | Reached ** piety under Okawaru
  5455 | D:6      | Reached skill level 9 in Maces & Flails
  5724 | D:5      | Killed Grinder
  5972 | D:6      | Reached *** piety under Okawaru
  5973 | D:6      | Reached skill level 10 in Maces & Flails
  5973 | D:6      | Reached XP level 9. HP: 61/63 MP: 9/9
  6115 | D:6      | Noticed Eustachio
  6247 | D:5      | Killed Eustachio
  6556 | D:7      | Identified the +9 war axe "Tutwewn" {distort, Int+3}
  7155 | D:7      | Reached **** piety under Okawaru
  7208 | D:7      | Reached skill level 11 in Maces & Flails
  8758 | D:8      | Reached XP level 10. HP: 66/73 MP: 12/12
  8799 | D:8      | Found a hazy altar of Hepliaklqana.
  8854 | D:8      | Received a gift from Okawaru
  9054 | D:8      | HP: 2/73 [troll (13)]
  9054 | D:8      | Slain by a troll

Illustrated notes

Levels and vault maps discovered:
D:1:      grunt_arrival_lava_bath, layout_loops_ring
D:2:      layout_loops_ring, basic_altar, dreamdust_wishing_well,
          minmay_small_reverse_x
D:3:      cheibrodos_helix_gallery, layout_rooms, serial_shops, shop,
          serial_bayou_pond_b, hellmonk_no_cap
D:4:      layout_basic, uniq_blork_the_orc
D:5:      layout_rooms, minmay_temple_entry_water_ring
D:6:      layout_cave_pools, enter_ossuary_5, uniq_grinder, uniq_eustachio
D:7:      layout_basic
D:8:      layout_rooms, mainiacjoe_overflow_brackets, enter_bailey_5
D:9:      layout_irregular_city, erik_orc_4, chequers_mini_garden,
          hangedman_decor_riveting
Temple:   mainiacjoe_temple_trianglar_array

Skill      XL: |  1  2  3  4  5  6  7  8  9 10 |
---------------+-------------------------------+-----
Maces & Flails | 2 3 4 5 6 8 10 11 | 11.3
Invocations    | 1 2 3 |  3.1
Armour         | 3 |  3.7
Fighting       | 4 |  4.5
Shields        | |  2.4

Action                     |  1- 3 |  4- 6 |  7- 9 | 10-12 || total
---------------------------+-------+-------+-------+-------++-------
  Melee: Flail             |   128 |   242 |   609 |    27 ||  1006
  Throw: Dart              |       |       |    11 |       ||    11
    Use: Scroll            |     4 |     3 |     4 |       ||    11
 Armour: Scale mail        |    68 |   100 |   288 |    26 ||   482
         Plate armour      |       |    45 |    51 |       ||    96
  Dodge: Dodged            |    66 |   109 |   251 |    16 ||   442
  Block: Buckler           |    32 |    54 |   122 |     9 ||   217

Table legend: (Time is in decaauts)
 A = Elapsed time spent in this place.
 B = Non-inter-level travel time spent in this place.
 C = Inter-level travel time spent in this place.
 D = Time resting spent in this place.
 E = Time spent auto-exploring this place.
 F = Levels seen in this place.
 G = Mean time per level.
                   A        B        C        D        E       F      G
               +--------+--------+--------+--------+--------+-----+--------+
         Total |   9148 |   8718 |    430 |   2139 |   4328 |  11 |  831.6 |
       Dungeon |   8662 |   8274 |    388 |   2139 |   4015 |   9 |  962.4 |
        Temple |    233 |    191 |     42 |      0 |    185 |   1 |  233.0 |
       Ossuary |    252 |    252 |      0 |      0 |    128 |   1 |  252.0 |
               +--------+--------+--------+--------+--------+-----+--------+

Top non-repeatable levels by time:
     D:7: 1485 daAuts
     D:4: 1477 daAuts
     D:5: 1355 daAuts
     D:6: 1167 daAuts
     D:3: 897 daAuts
     D:1: 761 daAuts
     D:8: 739 daAuts
     D:2: 718 daAuts
 Ossuary: 252 daAuts
  Temple: 233 daAuts
     D:9: 61 daAuts
